 Dungeon Crawl Stone Soup version 0.29.1-2-gbd0b4ee654 (webtiles) character file.

Game seed: 3781013819562435760

223 qeuew the Conjurer (level 5, 0/26 (28) HPs)
             Began as a Deep Elf Conjurer on Nov 15, 2022.
             Slain by an orc
             ... wielding a +0 short sword
              (5 damage)
             ... on level 2 of the Dungeon.
             The game lasted 00:04:12 (3464 turns).

qeuew the Conjurer (Deep Elf Conjurer)              Turns: 3464, Time: 00:04:13

HP:   0/26 (28)     AC:  3    Str:  4    XL:     5   Next: 66%
MP:   2/14          EV: 17    Int: 23    God:
Gold: 157           SH:  0    Dex: 15    Spells: 10/13 levels left

rFire   . . .      SeeInvis .   e - staff of air
rCold   . . .      Faith    .   (no shield)
rNeg    . . .      Spirit   .   a - +1 robe
rPois   .          Reflect  .   (no helmet)
rElec   +          Harm     .   (no cloak)
rCorr   .          Rampage  .   (no gloves)
Will    .....                   (no boots)
Stlth   +++.......              (no amulet)
HPRegen 0.08/turn               g - +4 ring of evasion
MPRegen 0.14/turn               (no ring)

@: drained
A: no striking features
a: no special abilities


You were on level 2 of the Dungeon.
You visited 1 branch of the dungeon, and saw 4 of its levels.

You collected 157 gold pieces.

Inventory:

Armour
 a - a +1 robe (worn)
Magical Staves
 e - a staff of air (weapon)
 f - a staff of cold
Jewellery
 g - a +4 ring of evasion (left hand)
 i - an amulet of regeneration
Wands
 k - a wand of quicksilver (5)
Scrolls
 b - a scroll of amnesia
 h - a scroll of enchant weapon
Potions
 c - a potion of flight
 j - a potion of haste


   Skills:
 + Level 0.0 Staves
 + Level 4.1 Dodging
 + Level 4.3 Stealth
 + Level 4.7 Spellcasting
 + Level 5.3 Conjurations
 + Level 0.5 Evocations


You had 10 spell levels left.
You knew the following spells:

 Your Spells              Type           Power      Damage    Failure   Level
a - Magic Dart            Conj           100%       1d8       1%          1
b - Searing Ray           Conj           60%        2d6       1%          2

Your spell library contained the following spells:

 Spells                   Type           Power      Damage    Failure   Level
 Summon Small Mammal      Summ           20%        N/A       10%         1
 Dazzling Flash           Conj/Hex       34%        N/A       10%         3
 Ensorcelled Hibernation  Hex/Ice        10%        N/A       14%         2
 Passwall                 Tmut/Erth      4%         N/A       14%         2
 Call Canine Familiar     Summ           5%         N/A       28%         3
 Summon Guardian Golem    Hex/Summ       5%         N/A       28%         3
 Swiftness                Air            8%         N/A       28%         3
 Fulminant Prism          Conj/Hex       8%         3d7       32%         4
 Iskenderun's Mystic Bla  Conj/Tloc      17%        2d5       32%         4


Dungeon Overview and Level Annotations

Branches:
Dungeon (4/15)
 Temple: D:4-7

Altars:
Kikubaaqudgha

Shops:
D:3 !


Message History

The orc shouts!
The orc closely misses you. The orc misses you.
There is a stone staircase leading up here.
The orc misses you.
The orc hits you with a +0 mace of draining.
* * * LOW HITPOINT WARNING * * *
You feel drained.
You climb upwards.
There is a stone staircase leading down here.
You are too injured to fight recklessly!
Aiming: Magic Dart (safe; 1% risk of failure)
Press: ? - help, Q - select action, (/) - cycle Shift-Dir - straight line, f - orc
Aim: an orc, wielding a +0 mace of draining and wearing a +0 leather armour (moderately wounded, 100% to hit)
The magic dart hits the orc but does no damage.
The orc is moderately wounded.
Aiming: Magic Dart (safe; 1% risk of failure)
Press: ? - help, Q - select action, (/) - cycle Shift-Dir - straight line, f/p - orc
Aim: an orc, wielding a +0 mace of draining and wearing a +0 leather armour (moderately wounded, 100% to hit)
The magic dart hits the orc!
You kill the orc!
The orc barely misses you.
Aiming: Magic Dart (safe; 1% risk of failure)
Press: ? - help, Q - select action, (/) - cycle Shift-Dir - straight line, f - orc
Aim: an orc, wielding a +0 short sword and wearing a +0 ring mail (100% to hit)
The magic dart hits the orc but does no damage.
You feel yourself slow down.
Unknown command.
Aiming: Magic Dart (safe; 1% risk of failure)
Press: ? - help, Q - select action, (/) - cycle Shift-Dir - straight line, f/p - orc
Aim: an orc, wielding a +0 short sword and wearing a +0 ring mail (100% to hit)
The magic dart hits the orc.
The orc is moderately wounded.
The orc barely misses you.
Aiming: Magic Dart (safe; 1% risk of failure)
Press: ? - help, Q - select action, (/) - cycle Shift-Dir - straight line, f/p - orc
Aim: an orc, wielding a +0 short sword and wearing a +0 ring mail (moderately wounded, 100% to hit)
The magic dart hits the orc.
The orc is heavily wounded.
The orc hits you with a +0 short sword.
You die...

.###.##.###.### ##)########..
.....#### #.# #.....# #.. .#####
##.## ##...#.# #.. )# #...#
##......# #.. )##### #...#
#.......#####.. .....# #...#
##......##.....
)###.#####...##### #...[..##.....
..##^#.........).###......##.....
................@..........(.....
#.##.#..........o###.#..#.##.....
.....#####...##### #.##.#.##.....
#.#..# #...# #.##.#.##.....
#.#..# #...# #......#######
..#..# #...# ####.###.<....
.##..# ####.### #......####
.##..# #......## #.###..####
.....# #.......########.###..#...


You could see an orc.

Vanquished Creatures
  A howler monkey (D:3)
  A hound (D:4)
  An orc wizard (D:3)
  Robin (D:2)
  An adder (D:2)
  4 gnolls (D:3)
  A worm (D:2)
  2 dart slugs
  4 orcs
  4 bats
  2 endoplasms
  3 giant cockroaches
  14 goblins
  5 hobgoblins
  4 quokkas
  3 ball pythons
  3 frilled lizards
  5 kobolds
  5 rats
64 creatures vanquished.

Notes
Turn   | Place    | Note
-------+----------+-------------------------------------------
     0 | D:1      | qeuew the Deep Elf Conjurer began the quest for the Orb.
     0 | D:1      | Reached XP level 1. HP: 10/10 MP: 6/6
   209 | D:1      | Reached XP level 2. HP: 15/15 MP: 2/8
   212 | D:1      | Learned a level 2 spell: Searing Ray
  1391 | D:2      | Reached XP level 3. HP: 19/19 MP: 6/10
  1431 | D:2      | Found an ancient bone altar of Kikubaaqudgha.
  1759 | D:2      | Noticed Robin
  1763 | D:2      | Killed Robin
  1780 | D:2      | Reached XP level 4. HP: 24/24 MP: 0/11
  2195 | D:3      | Reached skill level 5 in Conjurations
  2441 | D:3      | Reached XP level 5. HP: 3/28 MP: 11/13
  2870 | D:3      | Found Nioppua's Distillery.
  3464 | D:2      | Slain by an orc

Illustrated notes

Levels and vault maps discovered:
D:1:      lordsloth_arrival_two_stooges, layout_loops_ring,
          amcnicky_mini_pool_small, minmay_pentomino_s2
D:2:      layout_loops_cross, basic_altar, chequers_arboretum, uniq_robin
D:3:      layout_loops_ring, serial_shops, shop, chequers_mini_garden,
          kennysheep_cross_room
D:4:      minmay_chambers_of_fours, layout_basic, tgw_xom,
          nicolae_uskayaw_murder_on_the_dancefloor, serial_shops, shop,
          minmay_misc_feat_enclosed, moated_statue, uniq_grinder

Skill      XL: |  1  2  3  4  5 |
---------------+----------------+-----
Stealth        | 3 4 |  4.3
Dodging        | 3 4 |  4.1
Spellcasting   | 4 |  4.7
Conjurations   | 5 |  5.3
Evocations     | |  0.5

Action                   |  1- 3 |  4- 6 || total
-------------------------+-------+-------++-------
Melee: Unarmed           |     4 |    13 ||    17
       Staff             |       |     5 ||     5
 Cast: Magic Dart        |    75 |    79 ||   154
       Searing Ray       |     2 |       ||     2
  Use: Scroll            |     5 |     4 ||     9
       Potion            |     2 |     5 ||     7
Armor: Robe              |     4 |     7 ||    11
Dodge: Dodged            |    13 |    48 ||    61
